Map: Torri del crepuscolo

Players

Jhyrachy - Winner!

  • Race: Zerg Zerg
  • League: Silver

kipelovets

  • Race: Protoss Protoss
  • League: Bronze

VOD

Have the link to the VOD?

Description

Time

  • Played on: March 26, 2016, 3:42 p.m.
  • Length: 11:56
Show
View Real Time Build Order
Export as new Build Order

Jhyrachy Zerg - Winner!

Build Orders: Hatch First 

Get SALT Encoding   

  12  0:02  Drone  
  13  0:09  Drone  
  14  0:17  Overlord  
  14  0:36  Drone x3  
  17  0:54  Hatchery  
  17  0:56  Drone  
  17  1:08  Extractor, Drone  
  17  1:23  Spawning Pool  
  17  1:25  Drone x2  
  18  1:39  Drone  
  19  2:09  Drone x4  
  19  2:10  Queen  
  19  2:12  Queen  
  27  2:17  Overlord  
  27  2:38  Drone x3  
  30  2:48  Drone x2  
  32  2:55  Drone  
  32  2:56  Drone  
  34  3:06  Queen  
  34  3:09  Overlord x2  
  36  3:27  Queen  
  36  3:31  Roach Warren  
  37  3:35  Extractor  
  37  3:39  Drone x2  
  38  3:52  Drone x3  
  41  4:05  Spore Crawler  
  41  4:07  Spore Crawler  
  39  4:19  Roach x6  
  45  5:29  Drone x6  
  45  5:30  Drone  
  52  5:43  Lair  
  52  5:44  Hatchery  
  51  5:53  Extractor, Queen  
  51  5:55  Extractor  
  51  6:16  Overlord  
  51  6:17  Overlord x2  
  49  7:01  Spire  
  49  7:02  Drone  
  49  7:03  Drone x3  
  49  7:04  Drone x2  
  54  7:09  Drone  
  54  7:10  Drone  
  54  7:11  Drone  
  54  7:13  Drone  
  58  7:16  Queen  
  58  7:19  Drone  
  58  7:20  Drone x9  
  70  7:29  Overseer  
  70  7:56  Extractor  
  70  7:57  Overlord  
  70  7:58  Overlord x3  
  69  8:11  Roach x7  
  79  8:25  Overseer  
  69  8:49  Roach  
  69  8:50  Roach x13  
  91  9:02  Mutalisk  
  88  9:03  Mutalisk x6  
  94  9:10  Spore Crawler  
  94  9:11  Spore Crawler  
  94  9:12  Spore Crawler  
  94  9:16  Spore Crawler x2  
  66  9:46  Roach  
  66  9:47  Roach x11  
  83  10:07  Queen x2  
  87  10:25  Ravager  
  87  10:26  Ravager x15  
  99  11:18  Hatchery  
  98  11:24  Hatchery  
Show
View Real Time Build Order
Export as new Build Order

kipelovets Protoss 

Build Orders: Oracle Opening 

Get SALT Encoding   

  12  0:02  Probe (Chrono Boost)  
  13  0:13  Probe (Chrono Boost)  
  14  0:23  Probe (Chrono Boost)  
  14  0:27  Pylon  
  15  0:48  Gateway  
  16  0:50  Probe (Chrono Boost)  
  16  0:54  Assimilator  
  16  1:02  Probe (Chrono Boost), Gateway  
  17  1:13  Probe (Chrono Boost)  
  18  1:23  Probe (Chrono Boost)  
  19  1:32  Pylon  
  21  1:40  Zealot  
  21  1:41  Cybernetics Core  
  21  1:43  Probe (Chrono Boost)  
  22  1:49  Assimilator  
  22  2:05  Probe (Chrono Boost)  
  25  2:17  Probe (Chrono Boost)  
  25  2:19  Pylon  
  25  2:20  Adept  
  25  2:22  Warp Gate (Chrono Boost)  
  28  2:24  Adept  
  28  2:40  Gateway  
  28  2:41  Gateway  
  28  2:54  Probe  
  29  3:00  Stargate  
  29  3:07  Adept  
  29  3:08  Adept  
  33  3:14  Pylon  
  33  3:28  Stalker  
  33  3:32  Adept  
  37  3:35  Adept  
  37  3:37  Adept  
  41  3:57  Oracle  
  32  5:14  Adept x4  
  43  5:29  Forge, Void Ray  
  43  5:34  Stargate  
  44  5:41  Nexus  
  44  5:44  Assimilator, Probe  
  44  5:46  Stalker  
  44  5:48  Assimilator  
  47  5:52  Pylon  
  47  5:59  Pylon  
  47  6:04  Pylon  
  47  6:10  Probe  
  48  6:23  Void Ray  
  52  6:34  Void Ray  
  56  7:06  Adept x2  
  56  7:07  Adept x2  
  61  7:11  Probe  
  61  7:15  Probe  
  63  7:24  Protoss Ground Weapons Level 1 (Chrono Boost)  
  63  7:29  Void Ray  
  67  7:48  Sentry  
  67  7:50  Adept x3  
  75  8:04  Probe  
  76  8:17  Adept x4  
  34  10:05  Phoenix  
  34  10:06  Phoenix  
  36  10:09  Stalker x3  
  36  10:10  Stalker  
  44  10:19  Twilight Council  
  44  10:22  Probe  
  45  10:32  Phoenix  
  45  10:33  Phoenix  
  41  10:51  Stalker x3  
  41  10:57  Pylon  
  47  11:01  Phoenix  
  47  11:02  Phoenix  
  51  11:14  Probe  
  52  11:25  Probe  
  51  11:37  Stalker  
  51  11:38  Stalker  
Tags
 
Add a new tag
Caveats
  • Supply blocks, unpowered buildings, or Contaminate may cause inaccurate times.
  • Supply counts are checked every 10 seconds.